 Dungeon Crawl Stone Soup version 0.22-a0-605-g9281fa2 (webtiles) character file.

2950 chorionicmirror the Cleaver (level 9, 0/85 HPs)
             Began as a Hill Orc Monk on July 8, 2018.
             Was a Priest of Cheibriados.
             Slain by Erica
             ... wielding a +3 scimitar of flaming
              (3 damage)
             ... on level 8 of the Dungeon.
             The game lasted 00:23:15 (6697 turns).

chorionicmirror the Cleaver (Hill Orc Monk)         Turns: 6697, Time: 00:23:17

Health: 0/85       AC:  9    Str: 25    XL:     9   Next: 81%
Magic:  8/8        EV: 13    Int: 18    God:    Cheibriados [***...]
Gold:   302        SH:  0    Dex: 21    Spells: 8/8 levels left

rFire    x . .     SeeInvis .   u - +1 executioner's axe (chop)
rCold    + . .     Gourm    .   (shield currently unavailable)
rNeg     . . .     Faith    +   a - +1 troll leather armour {Purgy}
rPois    .         Spirit   .   g - +1 helmet
rElec    .         Reflect  .   (no cloak)
rCorr    .         Harm     .   (no gloves)
MR       .....                  e - +0 pair of boots
Stlth    ++........             s - amulet of faith
HPRegen  0.64/turn              r - ring of ice
MPRegen  0.11/turn              (no ring)

@: invisible, very slow
A: low mp 1, robust 1
a: Bend Time, Temporal Distortion, Renounce Religion


You were on level 8 of the Dungeon.
You worshipped Cheibriados.
Cheibriados was most pleased with you.
You were not hungry.

You visited 2 branches of the dungeon, and saw 9 of its levels.

You collected 350 gold pieces.
You spent 48 gold pieces at shops.

Inventory:

Hand Weapons
 p - a +2 antimagic flail
 u - a +1 executioner's axe of chopping (weapon)
Armour
 a - a +1 troll leather armour (worn) {Purgy}
 e - a +0 pair of boots (worn)
 g - a +1 helmet (worn)
 k - a +3 scale mail of poison resistance
Jewellery
 q - an uncursed amulet of magic regeneration
 r - a ring of ice (left hand)
 s - an amulet of faith (around neck)
Wands
 d - a wand of polymorph (6)
 t - a wand of flame (20)
 x - a wand of digging (11)
Scrolls
 h - a scroll of enchant armour
 i - a scroll of fear
 l - 8 scrolls of identify
 o - 3 scrolls of remove curse
 z - 3 scrolls of enchant weapon
Potions
 b - 2 potions of curing
Comestibles
 c - 10 rations
 f - 3 chunks of flesh


   Skills:
 * Level 6.7 Fighting
 + Level 14.6 Axes
 * Level 4.9 Armour
 - Level 2.4 Dodging
 - Level 1.5 Stealth


You had 8 spell levels left.
You didn't know any spells.
Your spell library contained the following spells:

 Spells                   Type           Power        Failure   Level  Hunger
 Apportation              Tloc           #.....       24%         1    ##.....
 Spider Form              Tmut/Pois      #.........   58%         3    ####...
 Blade Hands              Tmut           #.........   100%        5    ######.
 Ice Form                 Ice/Tmut       #.......     94%         4    #####..
 Sticks to Snakes         Tmut           #.......     36%         2    ###....
 Beastly Appendage        Tmut           #.....       24%         1    ##.....


Dungeon Overview and Level Annotations

Branches:
Dungeon (8/15)             Temple (1/1) D:4            Lair (0/6) D:8

Altars:
Ashenzari
Cheibriados
Dithmenos
Elyvilon
Fedhas
Gozag
Hepliaklqana
Kikubaaqudgha
Makhleb
Nemelex Xobeh
Qazlal
Ru
Sif Muna
Uskayaw
Vehumet
Wu Jian
Xom
Yredelemnul
Zin
The Shining One
Lugonu

Shops:
D:5 *   D:7 [

Annotations:
D:8 Erica


Innate Abilities, Weirdness & Mutations

Your magical capacity is low. (-10% MP)
You are robust. (+10% HP)


Message History

* * * LOW HITPOINT WARNING * * *
Something burns you.
* * * LOW HITPOINT WARNING * * *
The killer bee stings you but does no damage.
You feel better.
The killer bee stings you but does no damage.
The killer bee closely misses you. The killer bee barely misses you.
Something hits you.
* * * LOW HITPOINT WARNING * * *
Something burns you.
* * * LOW HITPOINT WARNING * * *
The killer bee stings you but does no damage.
Okay, then.
You fade into invisibility!
The killer bee barely misses you. The killer bee stings you.
* * * LOW HITPOINT WARNING * * *
The killer bee barely misses you. Something hits you!
* * * LOW HITPOINT WARNING * * *
Something burns you.
You die...

########### ########
..........# #......#
..........# #......#
..........# #......#
...?..†.{@# #......#
.......†yy####......#
..#####.............#
#.......######..
#.......'....#
#.......#....#
#.......#....#
#.......#....# #
#.......#....#


You could see 2 killer bees.

Vanquished Creatures
  Grinder (D:4)
  Menkaure (D:5)
  Duvessa (D:5)
  2 hell hounds (D:8)
  A sky beast (D:8)
  Purgy (D:4)
  An orc warrior (D:6)
  A black bear (D:6)
  A centaur (D:7)
  2 ogres (D:7)
  4 bullfrogs
  A scorpion (D:4)
  Dowan (D:5)
  10 killer bees
  4 wights (D:7)
  2 howler monkeys
  A crimson imp (D:8)
  2 jellies
  A hound (D:7)
  6 orc wizards
  A bullfrog skeleton (D:7)
  Jessica (D:2)
  3 worker ants (D:6)
  An iguana (D:7)
  A killer bee zombie (D:7)
  A hound skeleton (D:7)
  3 gnolls (D:7)
  3 adders
  A shadow imp (D:5)
  An ooze (D:3)
  6 worms
  An adder skeleton (D:4)
  4 dart slugs
  5 leopard geckos
  13 orcs
  2 giant cockroaches (D:2)
  5 goblins
  4 hobgoblins (D:1)
  9 jackals
  3 quokkas
  3 ball pythons
  5 bats
  2 frilled lizards
  7 kobolds
  9 rats
138 creatures vanquished.

Notes
Turn   | Place    | Note
-------+----------+-------------------------------------------
     0 | D:1      | chorionicmirror the Hill Orc Monk began the quest for the Orb.
     0 | D:1      | Reached XP level 1. HP: 19/19 MP: 1/1
   193 | D:1      | Reached XP level 2. HP: 24/26 MP: 2/2
   270 | D:1      | Reached skill level 5 in Axes
   856 | D:1      | Reached XP level 3. HP: 31/31 MP: 3/3
  1053 | D:2      | Reached skill level 6 in Axes
  1387 | D:2      | Found a stormy altar of Qazlal.
  1509 | D:2      | Noticed Jessica
  1518 | D:2      | Killed Jessica
  1518 | D:2      | Reached XP level 4. HP: 36/39 MP: 4/4
  1588 | D:2      | Reached skill level 7 in Axes
  1998 | D:2      | Found a stormy altar of Qazlal.
  1999 | D:2      | Noticed an air elemental
  2004 | D:2      | Noticed a fire elemental
  2007 | D:2      | Noticed a water elemental
  2007 | D:2      | Noticed an earth elemental
  2110 | D:3      | Found a deep blue altar of Sif Muna.
  2533 | D:3      | Reached XP level 5. HP: 42/45 MP: 5/5
  2913 | D:4      | Reached skill level 8 in Axes
  2942 | D:4      | Noticed Grinder
  2948 | D:4      | Paralysed by Grinder for 2 turns
  2975 | D:4      | Killed Grinder
  2975 | D:4      | Reached skill level 9 in Axes
  2975 | D:4      | Reached XP level 6. HP: 22/51 MP: 6/6
  3168 | D:4      | Found a hazy altar of Hepliaklqana.
  3199 | D:4      | Reached skill level 10 in Axes
  3199 | D:4      | Reached XP level 7. HP: 37/57 MP: 7/7
  3263 | D:4      | Found a staircase to the Ecumenical Temple.
  3272 | Temple   | Entered the Ecumenical Temple
  3691 | D:4      | Found an ornate altar of the Wu Jian Council.
  3694 | D:4      | Noticed Purgy
  3711 | D:4      | Killed Purgy
  3896 | D:5      | Entered Level 5 of the Dungeon
  3909 | D:5      | Found an ancient bone altar of Kikubaaqudgha.
  3916 | D:5      | Found a deep blue altar of Sif Muna.
  3918 | D:5      | Found a radiant altar of Vehumet.
  3922 | D:5      | Identified Sif Muna's Reference Book on Displacement
  3939 | D:5      | Found Jakh's Assorted Antiques.
  3948 | D:5      | Bought a scroll labeled YROS NARILONT for 24 gold pieces
  3948 | D:5      | Bought a scroll labeled FYCONI MOCOCI for 24 gold pieces
  4030 | D:5      | Found a sparkling altar of Nemelex Xobeh.
  4092 | D:5      | Noticed Dowan
  4099 | D:5      | Noticed Duvessa
  4100 | D:5      | Killed Dowan
  4105 | D:5      | Killed Duvessa
  4105 | D:5      | Reached skill level 11 in Axes
  4202 | D:5      | Noticed Menkaure
  4205 | D:5      | Killed Menkaure
  4437 | D:5      | Gained mutation: Your magical capacity is low. (-10% MP) [potion of mutation]
  4437 | D:5      | Gained mutation: You are robust. (+10% HP) [potion of mutation]
  4479 | D:6      | Reached skill level 12 in Axes
  4479 | D:6      | Reached XP level 8. HP: 69/70 MP: 7/7
  4877 | D:6      | Reached skill level 13 in Axes
  5474 | D:7      | Reached skill level 14 in Axes
  5579 | D:7      | Found a shattered altar of Ashenzari.
  5581 | D:7      | Found a shadowy altar of Dithmenos.
  5582 | D:7      | Found a glowing silver altar of Zin.
  5582 | D:7      | Found a shimmering altar of Xom.
  5583 | D:7      | Found a basalt altar of Yredelemnul.
  5584 | D:7      | Found a snail-covered altar of Cheibriados.
  5592 | D:7      | Became a worshipper of Cheibriados the Contemplative
  5592 | D:7      | Reached * piety under Cheibriados
  5592 | D:7      | Reached ** piety under Cheibriados
  5628 | D:7      | Reached XP level 9. HP: 75/78 MP: 8/8
  5653 | D:7      | Reached skill level 1 in Armour
  5654 | D:7      | Found Tificw's Antique Armour Shop.
  5784 | D:7      | Reached skill level 5 in Fighting
  6047 | D:7      | Reached *** piety under Cheibriados
  6512 | D:8      | Found a white marble altar of Elyvilon.
  6532 | D:8      | Found a staircase to the Lair.
  6682 | D:8      | Noticed Erica
  6697 | D:8      | HP: 3/85 [something (12)]
  6697 | D:8      | Slain by Erica

Vault maps used:
D:1:      dpeg_arrival_three_same_balls
D:2:      nicolae_overflow_hidden_temple, old_standard_altar, first_ration,
          nicolae_qazlal_style_of_elements, uniq_jessica
D:3:      lemuel_blue_sif_altar
D:4:      nicolae_overflow_crystal_walls, kennysheep_little_box,
          minmay_temple_entry_glassed_door, serial_co_window_serial,
          co_window_paths_a, co_window_paths_a, co_window_corner_a,
          co_window_paths_a, co_window_of_opportunity_a, co_window_broadway_a,
          co_window_unsneaky_path_e, co_window_cross_4,
          co_window_of_opportunity_b, glass_columns_a, glass_columns_c,
          glass_columns_a, glass_columns_c, glass_columns_b,
          grunt_ministairs_15, uniq_grinder, uniq_purgy
D:5:      grunt_temple_overflow_magic_moments, overflow_temple_1_default,
          serial_shops, nicolae_shop_overgrown_old_shop, uniq_menkaure,
          uniq_duvessa
D:7:      grunt_temple_overflow_open, serial_shops, shop
D:8:      old_standard_altar, kennysheep_okawaru_gauntlet,
          minmay_lair_entry_lava, uniq_erica
Temple:   corrupted_temple

Skill      XL: |  1  2  3  4  5  6  7  8  9 |
---------------+----------------------------+-----
Axes           | 5 6 7 9 10 12 14 | 14.6
Fighting       | 6 |  6.7
Armour         | 4 |  4.9
Dodging        | |  2.4
Stealth        | |  1.5

Action                   |  1- 3 |  4- 6 |  7- 9 || total
-------------------------+-------+-------+-------++-------
Melee: Hand axe          |   116 |    99 |    21 ||   236
       Mace              |     5 |    61 |       ||    66
       Executioner's axe |       |       |   206 ||   206
       War axe           |       |       |    18 ||    18
  Use: Scroll            |     3 |     4 |     6 ||    13
       Potion            |       |     3 |    11 ||    14
 Stab: Sleeping          |     3 |       |     2 ||     5
  Eat: Chunk             |     2 |     4 |     1 ||     7
       Ration            |       |     1 |     2 ||     3
Armor: Robe              |    17 |       |       ||    17
       Leather armour    |     7 |       |       ||     7
       Scale mail        |       |    97 |    33 ||   130
       Troll leather arm |       |       |   109 ||   109
Dodge: Dodged            |    80 |    94 |   252 ||   426

Table legend:
 A = Spawn XP
 B = Non-spawn XP
 C = Spawn XP percentage of total XP
 D = Spawn monster count
 E = Non-spawn monster count
 F = Spawn count percentage of total count
 G = Total turns spent on level
                    A         B        C        D         E        F      G
               +---------+---------+-------+---------+---------+-------+---------
         Total |       0 |    4215 |   0.0 |       0 |     138 |   0.0 |  6697
               +---------+---------+-------+---------+---------+-------+---------
           D:1 |       0 |      39 |   0.0 |       0 |      24 |   0.0 |  1029
           D:2 |       0 |     109 |   0.0 |       0 |      26 |   0.0 |  1023
           D:3 |       0 |      26 |   0.0 |       0 |       9 |   0.0 |   819
           D:4 |       0 |     613 |   0.0 |       0 |      12 |   0.0 |   960
           D:5 |       0 |     408 |   0.0 |       0 |       6 |   0.0 |   574
           D:6 |       0 |     833 |   0.0 |       0 |      23 |   0.0 |   990
           D:7 |       0 |    1315 |   0.0 |       0 |      25 |   0.0 |   873
           D:8 |       0 |     872 |   0.0 |       0 |      13 |   0.0 |   364
               +---------+---------+-------+---------+---------+-------+---------
